 Dungeon Crawl Stone Soup version 0.30-a0-782-ge64f9170bb (webtiles) character file.

Game seed: 14191030039998091553

240381 mopl the Unseen (level 18, -20/93 (102) HPs)
             Began as a Deep Elf Enchanter on Mar 9, 2023.
             Was the Champion of Dithmenos.
             Killed from afar by a deep elf zephyrmancer (41 damage)
             ... with a bolt of lightning
             ... on level 1 of the Elven Halls.
             The game lasted 01:51:54 (33440 turns).

mopl the Unseen (Deep Elf Enchanter)               Turns: 33440, Time: 01:51:54

HP:   -20/93 (102)  AC: 13    Str: 12    XL:     18   Next: 61%
MP:   34/34         EV: 17    Int: 28    God:    Dithmenos [******]
Gold: 2087          SH: 11    Dex: 17    Spells: 2/37 levels left

rFire   + + +      SeeInvis .    b - +7 rapier "Ucliurgh" {spect, Fly rPois rC+}
rCold   + + +      Faith    .    D - +0 kite shield {reflect}
rNeg    + . .      Spirit   .    z - +2 robe {rC+ rF+}
rPois   +          Reflect  +    i - +1 helmet
rElec   .          Harm     .    P - +2 ratskin cloak {*Rats rPois rN+ Str-1 Int-1 Dex+1}
rCorr   +          Rampage  .    q - +2 pair of gloves {Str+3}
Will    +++..                    R - +0 pair of boots of Wuoboit {rPois rF+++ Will+ Dex-2} Stlth **++++++++
                                 T - amulet of Wuetic {+Inv Regen+ Str+5 Dex+3}
HPRegen 1.15/turn                M - ring of willpower
MPRegen 0.24/turn                w - ring "Huxtuveo" {+Blink rC+ rCorr}

@: flying, very slightly contaminated, wreathed by umbra, drained, invisible
A: no striking features
}: 2/15 runes: decaying, serpentine
a: Renounce Religion, Evoke Blink, Evoke Invisibility, Shadow Step, Shadow Form


You were on level 1 of the Elven Halls.
You worshipped Dithmenos.
Dithmenos was exalted by your worship.
You visited 7 branches of the dungeon, and saw 32 of its levels.
You visited 1 bazaar.
You also visited: Gauntlet and Ice Cave.

You collected 4386 gold pieces.
You spent 2299 gold pieces at shops.

Inventory:

Hand Weapons
 a - a +3 dagger of venom
 b - the +7 rapier "Ucliurgh" (weapon) {spect, Fly rPois rC+}
   (You found it in a Gauntlet)

   rC:        It protects you from cold.
   rPois:     It protects you from poison.
   Fly:       It grants you flight.
 O - the +9 falchion of the Leaping Owl {flame, rElec rPois}
   (You found it on level 4 of the Lair of Beasts)

   rElec:     It insulates you from electricity.
   rPois:     It protects you from poison.
Missiles
 n - 79 poisoned darts
 p - 22 atropa-tipped darts
 V - 10 curare-tipped darts
Armour
 i - a +1 helmet (worn)
 q - a +2 pair of gloves of strength (worn)
 z - a +2 robe of resistance (worn)
 D - a +0 kite shield of reflection (worn)
 P - the +2 ratskin cloak (worn) {*Rats rPois rN+ Str-1 Int-1 Dex+1}
   (You found it on level 10 of the Dungeon)

   *Rats:     When the wearer is hurt, rats may emerge from it to assist them.
   Str:       It affects your strength (-1).
   Int:       It affects your intelligence (-1).
   Dex:       It affects your dexterity (+1).
   rPois:     It protects you from poison.
   rN:        It protects you from negative energy.
 R - the +0 pair of boots of Wuoboit (worn) {rPois rF+++ Will+ Dex-2}
   (You found it on level 3 of the Snake Pit)

   Dex:       It affects your dexterity (-2).
   rF:        It renders you almost immune to fire.
   rPois:     It protects you from poison.
   Will:      It increases your willpower.
Jewellery
 m - a ring of see invisible
 r - a +6 ring of intelligence
 w - the ring "Huxtuveo" (right hand) {+Blink rC+ rCorr}
   (You found it in a Gauntlet)

   [ring of resist corrosion]

   rC:        It protects you from cold.
   +Blink:    It lets you blink.
   rCorr:     It protects you from acid and corrosion.
 M - a ring of willpower (left hand)
 T - the amulet of Wuetic (around neck) {+Inv Regen+ Str+5 Dex+3}
   (You found it in a Gauntlet)

   [amulet of regeneration]

   Str:       It affects your strength (+5).
   Dex:       It affects your dexterity (+3).
   +Inv:      It lets you turn invisible.
   Regen:     It increases your rate of health regeneration.
Wands
 C - a wand of flame (140)
 E - a wand of acid (35)
 G - a wand of iceblast (16)
 H - a wand of paralysis (36)
 W - a wand of polymorph (16)
 Y - a wand of digging (20)
Scrolls
 g - 5 scrolls of fog
 h - 12 scrolls of teleportation
 j - 6 scrolls of fear
 s - 4 scrolls of silence {!r}
 t - 2 scrolls of immolation
 v - 11 scrolls of magic mapping
 y - 3 scrolls of butterflies
 B - 5 scrolls of blinking
 K - 7 scrolls of poison
Potions
 c - 3 potions of invisibility
 e - 7 potions of lignification {!q}
 k - 7 potions of magic
 l - 3 potions of flight
 o - 4 potions of mutation {!q}
 u - 22 potions of curing
 x - 3 potions of ambrosia
 A - 8 potions of might
 F - 8 potions of heal wounds
 J - 3 potions of cancellation
 N - 5 potions of haste
 S - 2 potions of berserk rage {!q}
 X - 8 potions of brilliance
 Z - a potion of resistance
Miscellaneous
 d - a lightning rod (4/4)
 f - a tin of tremorstones (2/2)
 I - a box of beasts
 L - a phantom mirror


   Skills:
 + Level 7.7 Fighting
 + Level 12.4 Short Blades
 + Level 10.9 Throwing
 + Level 11.3 Dodging
 + Level 15.8 Stealth
 + Level 8.7 Shields
 + Level 10.0 Spellcasting
 - Level 15.0 Hexes
 + Level 3.2 Necromancy
 + Level 9.4 Transmutations
 + Level 3.2 Air Magic
 + Level 9.3 Earth Magic
 + Level 0.5 Poison Magic
 - Level 12.0 Invocations
 + Level 11.9 Evocations


You had 2 spell levels left.
You knew the following spells:

 Your Spells              Type           Power      Damage    Failure   Level
a - Slow                  Hex            100%       N/A       1%          1
b - Ensorcelled Hibernat  Hex/Ice        100%       N/A       1%          2
c - Confusing Touch       Hex            78%        N/A       1%          3
d - Tukima's Dance        Hex            78%        N/A       1%          3
f - Cause Fear            Hex            39%        N/A       1%          4
g - Anguish               Hex/Necr       30%        N/A       2%          4
h - Dazzling Flash        Conj/Hex       100%       N/A       1%          3
i - Alistair's Intoxicat  Tmut/Pois      28%        N/A       32%         5
n - Swiftness             Air            32%        N/A       8%          3
p - Passwall              Tmut/Erth      50%        N/A       1%          2
v - Borgnjor's Vile Clut  Necr/Erth      24%        N/A       21%         5

Your spell library contained the following spells:

 Spells                   Type           Power      Damage    Failure   Level
 Sandblast                Erth           100%       2d20      1%          1
 Sting                    Tmut/Pois      100%       1d8       1%          1
 Kiss of Death            Conj/Necr      92%        2d12      4%          1
 Shock                    Conj/Air       92%        1d8       4%          1
 Cigotuvi's Dreadful Rot  Necr/Pois/Air  54%        N/A       5%          2
 Poisonous Vapours        Pois/Air       48%        N/A       7%          2
 Magic Dart               Conj           56%        1d5       10%         1
 Summon Small Mammal      Summ           56%        N/A       10%         1
 Searing Ray              Conj           28%        2d5       14%         2
 Summon Guardian Golem    Hex/Summ       54%        N/A       1%          3
 Spider Form              Tmut/Pois      42%        N/A       3%          3
 Stone Arrow              Conj/Erth      80%        3d12      4%          3
 Fulminant Prism          Conj/Hex       27%        3d13      4%          4
 Blade Hands              Tmut           30%        N/A       5%          5
 Vampiric Draining        Necr           32%        2d8       8%          3
 Ice Form                 Ice/Tmut       40%        N/A       13%         4
 Animate Armour           Summ/Erth      80%        N/A       14%         4
 Mephitic Cloud           Conj/Pois/Air  21%        N/A       17%         3
 Airstrike                Air            16%        2d(3-19)  26%         4
 Dispel Undead            Necr           32%        3d14      26%         4
 Call Canine Familiar     Summ           14%        N/A       28%         3
 Frozen Ramparts          Ice            28%        1d5       28%         3
 Summon Lightning Spire   Summ/Air       23%        N/A       43%         4
 Olgreb's Toxic Radiance  Pois           16%        N/A       58%         4
 Summon Ice Beast         Ice/Summ       14%        N/A       67%         4
 Lightning Bolt           Conj/Air       11%        1d24      80%         5
 Dragon Form              Tmut           30%        N/A       85%         7
 Eringya's Noxious Bog    Tmut/Pois      21%        N/A       88%         6
 Iron Shot                Conj/Erth      20%        9d5       91%         6
 Death Channel            Necr           16%        N/A       98%         6
 Ozocubu's Refrigeration  Ice            7%         4d9       100%        7
 Ignition                 Fire           7%         3d4       100%        8
 Lehudib's Crystal Spear  Conj/Erth      20%        10d6      100%        8
 Dragon's Call            Summ           7%         N/A       100%        9


Dungeon Overview and Level Annotations

Branches:
Dungeon (15/15)            Temple (1/1) D:4            Lair (5/5) D:10
  Swamp (4/4) Lair:2        Snake (4/4) Lair:2        Slime (0/5) Lair:4
    Orc (2/2) D:10            Elf (1/3) Orc:2        Vaults (0/5) D:14
 Depths (0/4) D:15          IceCv (visited)         Gauntlet (visited)

Altars:
Ashenzari
Cheibriados
Dithmenos
Elyvilon
Fedhas
Gozag
Hepliaklqana
Kikubaaqudgha
Makhleb
Nemelex Xobeh
Okawaru
Qazlal
Ru
Sif Muna
Trog
Uskayaw
Vehumet
Wu Jian
Xom
Yredelemnul
Zin
The Shining One

Shops:
D:6 [   D:14 !?*   Orc:2 :(*[

Portals:
Trove: D:15 (give 14 scrolls of teleportation)

Annotations:
Snake:4 Roxanne


Message History

A deep elf pyromancer comes into view. It is wielding a +0 rapier.
The deep elf pyromancer closely misses you.
There is an open door here.
You hit the deep elf pyromancer.
The deep elf pyromancer is lightly wounded.
Your shadow hits the deep elf pyromancer with a rapier.
Your +7 rapier "Ucliurgh" {spect, Fly rPois rC+} hits the deep elf pyromancer!
The deep elf pyromancer barely misses you.
You block the deep elf zephyrmancer's attack.
A deep elf knight comes into view. It is wielding a +0 spear.
You barely miss the deep elf pyromancer.
The deep elf pyromancer is heavily wounded.
Your shadow hits the deep elf pyromancer with a rapier.
Your +7 rapier "Ucliurgh" {spect, Fly rPois rC+} hits the deep elf pyromancer!!
You hit the deep elf pyromancer.
You kill the deep elf pyromancer!
Dithmenos accepts your kill.
The deep elf zephyrmancer gestures at you while chanting.
The bolt of lightning hits you!!
You emit a cloud of dark smoke.
The bolt of lightning hits you!!
* * * LOW HITPOINT WARNING * * *
The bolt of lightning misses the deep elf zephyrmancer.
You are too injured to fight recklessly!
You are too injured to fight recklessly!
You feel drained.
You fade into invisibility!
You are very lightly contaminated with residual magic.
The deep elf zephyrmancer mumbles some strange words.
The deep elf zephyrmancer blinks!
You catch the helpless deep elf pyromancer completely off-guard!
You spit the deep elf pyromancer like a pig!!!
The deep elf pyromancer is almost dead.
Your shadow hits the deep elf pyromancer with a rapier.
Your +7 rapier "Ucliurgh" {spect, Fly rPois rC+} barely misses the deep elf pyromancer.
The deep elf zephyrmancer casts a spell at you.
The bolt of lightning hits your +7 rapier "Ucliurgh" {spect, Fly rPois rC+}.
Your +7 rapier "Ucliurgh" {spect, Fly rPois rC+} resists.
Your spectral weapon shares its damage with you!
The bolt of lightning hits you!!!
You die...

.........#####.
.##.......'..... ####+####
.##.......'..... #.......#
.##.......##..##
###.#...#.###.##.......##..#
#....e.)....#.##..[....##..#
#.#..#'#.)#§#.###......##..#
#.. #.##§§§#§§....######..# '
.. .: +§§r@e#.....## #..#
.##$##§§§#(§...)..####..##
.#..#+#.§#§#§.......+....... #
......)....#....e.>.#....... #.
##.#...#)###........#..##.## ..
#.......#..........#..##.#
##.#.####+####.#........#..##.#
#................++###'##..##.#
#.####..)#.######..###.##..##.#


You could see a deep elf pyromancer (wandering, unable to see you), a deep elf
zephyrmancer (unable to see you, ally target), a friendly +7 rapier "Ucliurgh"
{spect, Fly rPois rC+} (summoned) and a friendly hell rat.

Vanquished Creatures
  the Lernaean hydra (Swamp:4)
  Rupert (D:12)
  A fenstrider witch (Swamp:4)
  Donald (Snake:2)
  6 nagarajas
  A deep elf sorcerer (Elf:1)
  3 orc warlords
  A very ugly thing (D:12)
  A reaper (IceCv)
  An eleionoma (Swamp:4)
  2 bunyips (Swamp:1)
  A minotaur (Gauntlet)
  2 shambling mangroves
  Erolcha (D:11)
  15 hydras
  A spriggan air mage (Swamp:2)
  2 ogre magi
  4 catoblepae
  4 centaur warriors
  3 salamander tyrants
  A ghost crab (Swamp:1)
  Erica (D:10)
  16 naga warriors
  7 two-headed ogres
  6 alligators
  13 anacondas
  3 boulder beetles
  2 dancing weapons (Elf:1)
  2 tengu warriors (D:15)
  16 death yaks
  5 naga sharpshooters
  3 orc high priests (Orc:2)
  6 shock serpents
  7 salamander mystics
  4 goliath frogs
  9 skeletal warriors
  Lodul (D:14)
  3 deep trolls (D:15)
  A skyshark (Lair:4)
  A spriggan druid (Swamp:1)
  A lindwurm (Lair:3)
  7 swamp dragons
  3 bog bodies
  7 naga ritualists
  3 orc knights
  2 wizards
  A deep elf archer (Elf:1)
  2 necromancers
  Pikel (D:4)
  10 deep elf pyromancers
  5 deep elf zephyrmancers (Elf:1)
  9 mana vipers
  A manticore (D:12)
  3 oklob plants (Lair:4)
  9 ugly things
  3 will-o-the-wisps
  4 orc sorcerers
  8 cyclopes
  21 salamanders
  13 elephants
  2 ice statues (IceCv)
  Maurice (D:11)
  A black mamba (shapeshifter) (D:14)
  29 black mambas
  27 naga magi
  8 slime creatures
  3 guardian serpents
  2 torpor snails
  3 gargoyles (D:12)
  An unseen horror (shapeshifter) (D:12)
  12 cane toads
  A hellion (Gauntlet)
  7 rime drakes
  Maggie (Lair:1)
  An unseen horror (D:12)
  2 kobold demonologists
  A freezing wraith (D:12)
  13 komodo dragons
  An anaconda simulacrum (IceCv)
  6 ice devils (IceCv)
  A yaktaur (D:12)
  5 tyrant leeches
  A queen bee (shapeshifter) (D:12)
  6 polar bears
  3 meliai (D:15)
  15 trolls
  Grinder (D:6)
  A bloated husk (Swamp:3)
  14 hornets
  A snapping turtle (shapeshifter) (D:15)
  12 blink frogs
  8 dream sheep
  18 spriggans
  A vampire (D:12)
  2 air elementals (Elf:1)
  A wraith (D:12)
  3 shadows
  3 wyverns
  A fire elemental (Elf:1)
  2 basilisks
  52 yaks
  2 steam dragons
  2 death yak simulacra (IceCv)
  Menkaure (D:4)
  8 vampire mosquitoes
  2 harpy simulacra (IceCv)
  15 swamp worms
  4 wargs
  37 nagas
  5 acid dragons
  14 water moccasins
  A meliai simulacrum (D:15)
  2 sky beasts
  37 orc warriors
  8 swamp drakes
  9 black bears
  A black bear (shapeshifter) (Elf:1)
  10 ogres
  4 boggarts (Lair:5)
  46 wolves
  8 centaurs
  3 lemures (D:3)
  5 kobold brigands
  9 bullfrogs
  An earth elemental (Elf:1)
  5 scorpions
  3 two-headed ogre simulacra (IceCv)
  A necrophage (D:7)
  14 killer bees
  5 electric eels
  4 howler monkeys
  4 lava snakes (Lair:2)
  23 orc priests
  3 hounds
  3 jellies
  2 iguanas
  Ijyb (D:5)
  38 orc wizards
  3 polar bear simulacra (IceCv)
  3 spriggan simulacra (IceCv)
  8 adders
  3 naga simulacra (IceCv)
  4 white imps
  3 ufetubi
  A worm (D:3)
  4 dart slugs
  77 orcs
  7 ball pythons
  7 endoplasms
  6 giant cockroaches
  4 goblins
  9 hobgoblins
  37 kobolds
  6 quokkas
  7 bats
  7 frilled lizards
  8 rats
1089 creatures vanquished.

Vanquished Creatures (collateral kills)
  2 eleionomae
  A salamander tyrant (Snake:4)
  A centaur warrior (D:10)
  An alligator (Swamp:4)
  A naga warrior (Snake:4)
  A death yak (Lair:5)
  2 naga sharpshooters (Snake:4)
  A salamander mystic (Snake:4)
  An orc knight (Orc:2)
  An orc sorcerer (Orc:2)
  A salamander (Snake:4)
  2 naga magi (Snake:4)
  A cane toad (Lair:2)
  A rime drake (Orc:1)
  A yak (Lair:2)
  3 nagas (Snake:4)
  An orc warrior (Orc:2)
  2 black bears
  A centaur (D:13)
  A kobold brigand (D:10)
  3 orc priests
  An orc wizard (D:4)
  7 orcs
37 creatures vanquished.

Vanquished Creatures (others)
  A naga warrior (Snake:4)
  A deep elf knight (Elf:1)
  7 dancing weapons (Snake:4)
  An orc priest (Orc:1)
  2 orc wizards
  2 orcs
  A kobold (D:8)
  14 foxfires
  37 fungi
  33 plants
99 creatures vanquished.

Grand Total: 1225 creatures vanquished

Notes
Turn   | Place    | Note
-------+----------+-------------------------------------------
     0 | D:1      | mopl the Deep Elf Enchanter began the quest for the Orb.
     0 | D:1      | Reached XP level 1. HP: 10/10 MP: 6/6
   125 | D:1      | Reached XP level 2. HP: 15/15 MP: 8/8
   143 | D:1      | Learned a level 2 spell: Ensorcelled Hibernation
   218 | D:1      | Reached skill level 4 in Stealth
   506 | D:1      | You fall into a shaft and drop 1 floor!
   626 | D:1      | Found a faded altar of an unknown god.
   670 | D:1      | Reached XP level 3. HP: 19/19 MP: 7/10
   940 | D:2      | Learned a level 1 spell: Slow
   944 | D:2      | Learned a level 3 spell: Confusing Touch
   948 | D:2      | Learned a level 3 spell: Tukima's Dance
  1591 | D:2      | Reached skill level 2 in Short Blades
  1622 | D:2      | Reached XP level 4. HP: 24/24 MP: 8/11
  1707 | D:3      | Reached skill level 4 in Spellcasting
  1728 | D:3      | Identified the +4 chain mail of the Nightingale {Dex+3}
  1895 | D:4      | Reached skill level 5 in Hexes
  2027 | D:3      | Reached XP level 5. HP: 28/28 MP: 13/13
  2089 | D:3      | Found a hide-covered altar of Uskayaw.
  2096 | D:3      | Found a sacrificial altar of Ru.
  2102 | D:3      | Found a basalt altar of Yredelemnul.
  2109 | D:3      | Found a bloodstained altar of Trog.
  2115 | D:3      | Found a hazy altar of Hepliaklqana.
  2123 | D:3      | Found a glowing golden altar of the Shining One.
  2128 | D:3      | Found an ornate altar of the Wu Jian Council.
  2648 | D:4      | Reached skill level 5 in Stealth
  2648 | D:4      | Found a staircase to the Ecumenical Temple.
  2657 | Temple   | Entered the Ecumenical Temple
  2850 | Temple   | Became a worshipper of Dithmenos the Shadowed
  2933 | D:4      | Learned a level 3 spell: Dazzling Flash
  3060 | D:4      | Reached skill level 3 in Short Blades
  3131 | D:4      | Reached skill level 5 in Spellcasting
  3131 | D:4      | Reached XP level 6. HP: 32/32 MP: 6/15
  3266 | D:4      | Noticed Pikel
  3472 | D:4      | Noticed Menkaure
  3489 | D:4      | Killed Menkaure
  3490 | D:4      | Reached skill level 6 in Hexes
  3893 | D:4      | Killed Pikel
  3894 | D:4      | Reached skill level 4 in Short Blades
  3894 | D:4      | Reached skill level 6 in Stealth
  3894 | D:4      | Reached skill level 6 in Spellcasting
  3894 | D:4      | Reached XP level 7. HP: 20/36 MP: 12/18
  3985 | D:5      | Entered Level 5 of the Dungeon
  3985 | D:5      | Noticed Ijyb
  3986 | D:5      | Killed Ijyb
  3987 | D:5      | Reached skill level 7 in Hexes
  4089 | D:5      | Reached * piety under Dithmenos
  4090 | D:5      | Reached skill level 7 in Stealth
  4308 | D:5      | Reached XP level 8. HP: 41/41 MP: 20/20
  4342 | D:5      | Reached skill level 7 in Spellcasting
  4679 | D:5      | Reached skill level 5 in Short Blades
  4837 | D:6      | Learned a level 4 spell: Anguish
  4915 | D:6      | Noticed Grinder
  4919 | D:6      | Killed Grinder
  4920 | D:6      | Reached skill level 8 in Hexes
  4920 | D:6      | Reached skill level 1 in Necromancy
  4947 | D:6      | Reached skill level 2 in Necromancy
  4998 | D:6      | Reached skill level 8 in Stealth
  5153 | D:6      | Reached skill level 8 in Spellcasting
  5200 | D:6      | Noticed a troll
  5299 | D:6      | Killed a troll
  5300 | D:6      | Reached skill level 3 in Necromancy
  5300 | D:6      | Reached XP level 9. HP: 45/45 MP: 20/23
  5334 | D:6      | Reached skill level 1 in Invocations
  5334 | D:6      | Reached skill level 1 in Evocations
  5346 | D:6      | Reached skill level 1 in Throwing
  5351 | D:6      | Reached skill level 6 in Short Blades
  5386 | D:6      | Reached skill level 2 in Invocations
  5386 | D:6      | Reached skill level 2 in Evocations
  5397 | D:6      | Reached skill level 2 in Throwing
  5397 | D:6      | Reached skill level 9 in Hexes
  5409 | D:6      | Reached skill level 9 in Stealth
  5524 | D:6      | Reached ** piety under Dithmenos
  5693 | D:6      | Reached skill level 9 in Spellcasting
  5693 | D:6      | Reached skill level 3 in Invocations
  5693 | D:6      | Reached skill level 3 in Evocations
  5717 | D:6      | Found a burning altar of Makhleb.
  5723 | D:6      | Found a glowing silver altar of Zin.
  5723 | D:6      | Noticed an Executioner
  5723 | D:6      | Noticed an angel
  5902 | D:6      | Found Zioso's Antique Armour Shoppe.
  5908 | D:6      | Bought a blackened kite shield for 256 gold pieces
  5908 | D:6      | Identified the +5 kite shield "Erelomel" {Dex+5} (You
                  | bought it in a shop on level 6 of the Dungeon)
  6217 | D:7      | Reached XP level 10. HP: 50/50 MP: 25/25
  6252 | D:7      | Reached skill level 3 in Throwing
  6619 | D:7      | Reached skill level 1 in Shields
  7549 | D:8      | Reached *** piety under Dithmenos
  8064 | D:9      | Reached skill level 4 in Evocations
  8067 | D:9      | Reached skill level 7 in Short Blades
  8067 | D:9      | Reached skill level 4 in Invocations
  8356 | D:9      | Reached skill level 2 in Shields
  8443 | D:10     | Entered Level 10 of the Dungeon
  8443 | D:10     | Noticed Erica
  8449 | D:10     | Killed Erica
  8450 | D:10     | Reached skill level 4 in Throwing
  8450 | D:10     | Reached skill level 10 in Stealth
  8450 | D:10     | Reached skill level 10 in Hexes
  8470 | D:10     | Found the +2 ratskin cloak {*Rats rPois rN+ Str-1 Int-1
                  | Dex+1}
  8621 | D:10     | Reached skill level 10 in Spellcasting
  8857 | D:10     | Reached XP level 11. HP: 54/54 MP: 27/27
  8959 | D:10     | Found a staircase to the Lair.
  8960 | D:10     | Noticed a centaur warrior
  8980 | D:10     | Reached **** piety under Dithmenos
  9053 | D:10     | Killed a centaur warrior
  9054 | D:10     | Reached skill level 5 in Evocations
  9082 | D:10     | Reached skill level 5 in Invocations
  9162 | D:10     | Found a staircase to the Orcish Mines.
  9199 | D:10     | Learned a level 4 spell: Cause Fear
  9206 | D:10     | Reached skill level 3 in Shields
  9431 | D:10     | Learned a level 2 spell: Passwall
  9469 | D:10     | Reached skill level 1 in Transmutations
  9551 | Lair:1   | Entered Level 1 of the Lair of Beasts
  9554 | Lair:1   | Reached skill level 1 in Earth Magic
  9560 | Lair:1   | Reached skill level 5 in Throwing
  9619 | Lair:1   | Noticed a catoblepas
  9624 | Lair:1   | Killed a catoblepas
  9684 | Lair:1   | Reached skill level 8 in Short Blades
  9751 | Lair:1   | Reached skill level 2 in Transmutations
  9751 | Lair:1   | Reached skill level 2 in Earth Magic
  9758 | Lair:1   | Reached skill level 11 in Hexes
  9816 | Lair:1   | Found a gate leading to a gauntlet.
  9818 | Lair:1   | Reached ***** piety under Dithmenos
  9819 | Lair:1   | Reached skill level 11 in Stealth
  9828 | Gauntlet | Entered a Gauntlet
  9828 | Gauntlet | Found a transporter.
  9839 | Gauntlet | Found a transporter.
  9855 | Gauntlet | Found a transporter.
  9857 | Gauntlet | Noticed a wretched star
  9859 | Gauntlet | Noticed a hell hog
  9861 | Gauntlet | Found a transporter.
  9876 | Gauntlet | Found a transporter.
  9895 | Gauntlet | Found a transporter.
  9903 | Gauntlet | Noticed a great orb of eyes
  9907 | Gauntlet | Found a transporter.
  9915 | Gauntlet | Noticed a purple ugly thing
  9919 | Gauntlet | Found a transporter.
  9920 | Gauntlet | Noticed a cyan ugly thing
  9931 | Gauntlet | Found a transporter.
  9943 | Gauntlet | Found a transporter.
  9961 | Gauntlet | Found a transporter.
  9981 | Gauntlet | Found a transporter.
  9983 | Gauntlet | Found a transporter.
 10017 | Gauntlet | Found a transporter.
 10017 | Gauntlet | Found a transporter.
 10019 | Gauntlet | Found a transporter.
 10057 | Gauntlet | Reached skill level 6 in Evocations
 10074 | Gauntlet | Found a transporter.
 10074 | Gauntlet | Found a transporter.
 10077 | Gauntlet | Identified the ring "Huxtuveo" {+Blink rC+ rCorr}
 10346 | Gauntlet | Reached skill level 6 in Invocations
 10346 | Gauntlet | Reached XP level 12. HP: 59/59 MP: 25/28
 10352 | Gauntlet | Identified the +0 cloak of Dishonour {Str+3 Dex+2}
 10354 | Gauntlet | Identified the +7 rapier "Ucliurgh" {spect, Fly rPois rC+}
 10368 | Gauntlet | Noticed a minotaur
 10374 | Gauntlet | Killed a minotaur
 10385 | Gauntlet | Identified the amulet of Wuetic {+Inv Regen+ Str+5 Dex+3}
 10445 | Lair:1   | Reached skill level 3 in Earth Magic
 10447 | Lair:1   | Reached skill level 3 in Transmutations
 10470 | Lair:1   | Reached skill level 3 in Dodging
 10501 | Lair:1   | Noticed Maggie
 10549 | Lair:1   | Killed Maggie
 10592 | Lair:1   | Reached skill level 4 in Shields
 10593 | Lair:1   | Reached skill level 1 in Fighting
 11301 | Lair:1   | Reached skill level 6 in Throwing
 11586 | Lair:2   | Reached skill level 4 in Dodging
 11689 | Lair:2   | Reached skill level 2 in Fighting
 11689 | Lair:2   | Reached skill level 4 in Transmutations
 11714 | Lair:2   | Found a sparkling altar of Nemelex Xobeh.
 11779 | Lair:2   | Reached skill level 4 in Earth Magic
 11864 | Lair:2   | Found a staircase to the Snake Pit.
 11924 | Lair:2   | Found a staircase to the Swamp.
 11928 | Lair:2   | Reached skill level 7 in Evocations
 12250 | Lair:3   | Noticed a catoblepas
 12289 | Lair:3   | Reached skill level 7 in Invocations
 12392 | Lair:3   | Killed a catoblepas
 12393 | Lair:3   | Reached XP level 13. HP: 68/68 MP: 24/29
 12506 | Lair:3   | Reached skill level 9 in Short Blades
 12506 | Lair:3   | Reached skill level 12 in Hexes
 12509 | Lair:3   | Reached skill level 5 in Dodging
 12683 | Lair:3   | Reached skill level 12 in Stealth
 12798 | Lair:3   | Reached ****** piety under Dithmenos
 12884 | Lair:3   | Reached skill level 3 in Fighting
 12884 | Lair:3   | Reached skill level 5 in Transmutations
 12886 | Lair:3   | Reached skill level 5 in Earth Magic
 12891 | Lair:3   | Reached skill level 5 in Shields
 13580 | Lair:4   | Identified the +9 falchion of the Leaping Owl {flame, rElec
                  | rPois}
 13710 | Lair:4   | Reached skill level 7 in Throwing
 13929 | Lair:4   | Reached skill level 6 in Dodging
 13957 | Lair:4   | Found a staircase to the Slime Pits.
 13961 | Lair:4   | Reached skill level 8 in Evocations
 14390 | Lair:5   | Entered Level 5 of the Lair of Beasts
 14714 | Lair:5   | Reached skill level 8 in Invocations
 14956 | Lair:5   | Reached XP level 14. HP: 47/60 MP: 25/30
 15211 | Lair:4   | Reached skill level 4 in Fighting
 15903 | Lair:5   | Reached skill level 7 in Dodging
 15903 | Lair:5   | Reached skill level 13 in Hexes
 16221 | Lair:5   | Reached skill level 13 in Stealth
 16240 | Lair:5   | Reached skill level 10 in Short Blades
 16537 | D:11     | Reached skill level 8 in Throwing
 16537 | D:11     | Reached skill level 6 in Shields
 16557 | D:11     | Noticed Erolcha
 16664 | D:11     | Noticed Maurice
 16691 | D:11     | Killed Maurice
 16824 | D:11     | Killed Erolcha
 17490 | D:12     | Identified a scroll of acquirement
 17491 | D:12     | Acquired 854 gold pieces
 17498 | D:12     | Noticed Rupert
 17541 | D:12     | Killed Rupert
 17542 | D:12     | Reached skill level 9 in Evocations
 17891 | D:12     | Found a radiant altar of Vehumet.
 18063 | D:12     | Noticed a white very ugly thing
 18071 | D:12     | Identified the +14 crystal plate armour of the Monk
                  | {Rampage rPois Int-2}
 18075 | D:12     | Killed a white very ugly thing
 18076 | D:12     | Reached skill level 9 in Invocations
 18144 | D:12     | Reached skill level 5 in Fighting
 18144 | D:12     | Reached XP level 15. HP: 35/73 MP: 29/31
 18577 | D:12     | Found a runed translucent door.
 18579 | D:12     | Found a runed translucent door.
 18886 | Orc:1    | Entered Level 1 of the Orcish Mines
 18894 | Orc:1    | Reached skill level 8 in Dodging
 19085 | Orc:1    | Found a frozen archway.
 19095 | IceCv    | Entered an ice cave
 19876 | Orc:2    | Entered Level 2 of the Orcish Mines
 20236 | Orc:2    | Paralysed by an orc sorcerer for 2 turns
 20552 | Orc:2    | Found a staircase to the Elven Halls.
 20708 | Orc:2    | Reached skill level 6 in Transmutations
 20857 | Orc:2    | Reached skill level 6 in Earth Magic
 20916 | Orc:2    | Reached skill level 14 in Hexes
 21000 | Orc:2    | Found Nigainoe's Antique Armour Shop.
 21001 | Orc:2    | Found Peshrumua's Antique Weapon Shop.
 21003 | Orc:2    | Found Ebobef's General Store.
 21003 | Orc:2    | Found Elaloren's Book Boutique.
 21008 | Orc:2    | Bought a scroll of identify for 30 gold pieces
 21008 | Orc:2    | Bought a scroll of teleportation for 45 gold pieces
 21623 | D:13     | Reached skill level 14 in Stealth
 21690 | D:13     | Reached skill level 9 in Throwing
 22072 | D:14     | Found Rulovul's General Store.
 22076 | D:14     | Bought a scroll of identify for 26 gold pieces
 22143 | D:14     | Noticed Lodul
 22157 | D:14     | Killed Lodul
 22363 | D:14     | Found Yppuu's Distillery.
 22394 | D:14     | Reached skill level 7 in Shields
 22400 | D:14     | Bought a potion of curing for 48 gold pieces
 22400 | D:14     | Bought a potion of heal wounds for 80 gold pieces
 22550 | D:14     | Found a gate to the Vaults.
 22555 | D:14     | Reached skill level 10 in Evocations
 22626 | D:14     | Found Jas Wana's Magic Scroll Shoppe.
 22634 | D:14     | Bought a scroll of noise for 15 gold pieces
 22634 | D:14     | Bought a scroll of magic mapping for 112 gold pieces
 22634 | D:14     | Bought a scroll of blinking for 112 gold pieces
 22634 | D:14     | Bought a scroll of blinking for 112 gold pieces
 22681 | D:15     | Entered Level 15 of the Dungeon
 22703 | D:15     | Reached XP level 16. HP: 87/88 MP: 29/32
 22857 | D:15     | Reached skill level 11 in Short Blades
 22896 | D:15     | Reached skill level 9 in Dodging
 22896 | D:15     | Reached skill level 10 in Invocations
 23034 | D:15     | Found a portal to a secret trove of treasure.
 23202 | D:15     | Found a staircase to the Depths.
 23354 | D:15     | Found a sacrificial altar of Ru.
 23570 | D:15     | Reached skill level 7 in Transmutations
 23832 | D:15     | Reached skill level 6 in Fighting
 24137 | Snake:1  | Entered Level 1 of the Snake Pit
 24149 | Snake:1  | Reached skill level 7 in Earth Magic
 24310 | Snake:1  | Found a snail-covered altar of Cheibriados.
 25157 | Snake:2  | Noticed Donald
 25162 | Snake:2  | Killed Donald
 26613 | Snake:3  | Reached skill level 15 in Hexes
 26646 | Snake:3  | Reached XP level 17. HP: 94/94 MP: 33/33
 27001 | Snake:3  | Reached skill level 10 in Dodging
 27056 | Snake:3  | Reached skill level 10 in Throwing
 27071 | Snake:3  | Reached skill level 8 in Transmutations
 27301 | Snake:3  | Reached skill level 8 in Earth Magic
 27302 | Snake:3  | Reached skill level 11 in Evocations
 27402 | Snake:3  | Identified the +0 pair of boots of Wuoboit {rPois rF+++
                  | Will+ Dex-2}
 27457 | Snake:3  | Reached skill level 15 in Stealth
 27548 | Snake:3  | Reached skill level 11 in Invocations
 27749 | Snake:4  | Entered Level 4 of the Snake Pit
 28170 | Snake:4  | Reached skill level 8 in Shields
 28442 | Snake:3  | Reached skill level 7 in Fighting
 29193 | Snake:4  | Learned a level 3 spell: Swiftness
 29536 | Snake:4  | Reached skill level 12 in Short Blades
 29664 | Snake:4  | Got a serpentine rune of Zot
 29736 | Snake:4  | Identified Roxanne's Book of Detritus
 29736 | Snake:4  | Noticed Roxanne
 30133 | Swamp:1  | Entered Level 1 of the Swamp
 30162 | Swamp:1  | Reached skill level 1 in Air Magic
 30836 | Swamp:2  | Reached XP level 18. HP: 101/101 MP: 34/34
 30947 | Swamp:2  | Reached skill level 9 in Transmutations
 31274 | Swamp:3  | Reached skill level 2 in Air Magic
 31803 | Swamp:4  | Entered Level 4 of the Swamp
 31869 | Swamp:4  | Reached skill level 11 in Dodging
 31943 | Swamp:4  | Reached skill level 9 in Earth Magic
 32539 | Swamp:4  | Noticed the 27-headed Lernaean hydra
 32630 | Swamp:4  | Killed the 27-headed Lernaean hydra
 32676 | Swamp:4  | Reached skill level 3 in Air Magic
 32680 | Swamp:4  | Got a decaying rune of Zot
 32968 | Elf:1    | Entered Level 1 of the Elven Halls
 33099 | Elf:1    | Found a flickering gateway to a bazaar.
 33113 | Bazaar   | Entered a bazaar
 33113 | Bazaar   | Found Zycojuh's Book Shoppe.
 33113 | Bazaar   | Found Lietwu's Antique Weapon Shoppe.
 33143 | Bazaar   | Found Ducint's Antique Armour Emporium.
 33143 | Bazaar   | Found Min Miol's Distillery.
 33162 | Bazaar   | Found Dianuifypo's General Store.
 33170 | Bazaar   | Bought a potion of curing for 27 gold pieces
 33170 | Bazaar   | Bought a potion of curing for 27 gold pieces
 33181 | Bazaar   | Bought a potion of might for 28 gold pieces
 33181 | Bazaar   | Bought a potion of curing for 21 gold pieces
 33181 | Bazaar   | Bought a potion of mutation for 56 gold pieces
 33181 | Bazaar   | Bought 2 potions of brilliance for 56 gold pieces
 33181 | Bazaar   | Bought a potion of curing for 21 gold pieces
 33181 | Bazaar   | Bought a potion of curing for 21 gold pieces
 33181 | Bazaar   | Bought a potion of mutation for 56 gold pieces
 33181 | Bazaar   | Bought a potion of mutation for 56 gold pieces
 33181 | Bazaar   | Bought a potion of flight for 21 gold pieces
 33181 | Bazaar   | Bought a potion of mutation for 56 gold pieces
 33181 | Bazaar   | Bought a potion of curing for 21 gold pieces
 33189 | Bazaar   | Bought a pair of distressingly furry gloves for 323 gold
                  | pieces
 33189 | Bazaar   | Identified the +0 pair of gloves of Discretion {-Cast Str+2
                  | SInv} (You bought it in a shop in a bazaar)
 33192 | Bazaar   | Bought a pair of embroidered gloves for 255 gold pieces
 33226 | Bazaar   | Bought Great Wizards, Vol. II for 418 gold pieces
 33232 | Bazaar   | Learned a level 5 spell: Borgnjor's Vile Clutch
 33257 | Elf:1    | Learned a level 5 spell: Alistair's Intoxication
 33412 | Elf:1    | Reached skill level 12 in Invocations
 33440 | Elf:1    | Killed from afar by a deep elf zephyrmancer

Illustrated notes

Levels and vault maps discovered:
D:1:      amcnicky_arrival_feature_with_door, layout_loops_ring,
          basic_ecumenical_altar, solitary_fountain, minivault_23,
          grunt_decor_fettered
D:2:      layout_loops_corners
D:3:      layout_basic, grunt_temple_overflow_octagram, dk_noncrumbling_4
D:4:      minmay_door_path, layout_cave_pools,
          minmay_temple_entry_statues_fountains, uniq_pikel, uniq_menkaure
D:5:      layout_loops_corners, uniq_ijyb
D:6:      hangedman_cross_stitches, layout_basic,
          grunt_temple_overflow_order_and_chaos_2, serial_shops,
          kennysheep_little_box, uniq_grinder
D:7:      layout_cave_pods
D:8:      layout_gridville
D:9:      layout_irregular_city
D:10:     layout_basic, due_lair_maze_entry_diamond,
          minmay_orc_entry_temple_small, uniq_erica
D:11:     layout_roguey, kennysheep_decorative_pillar, uniq_maurice,
          uniq_erolcha
D:12:     minmay_the_grid_four_pointed_star_mashed
          [minmay_the_grid_triangle_9x9_tough_junction,
          minmay_the_grid_triangle_9x9_warning,
          minmay_the_grid_triangle_9x9_flanged_cone,
          minmay_the_grid_triangle_9x9_stretched_checkered,
          minmay_the_grid_prize_trominoes], layout_basic, vehumet_crystals,
          uniq_rupert
D:13:     layout_basic, minmay_misc_feat_rugged
D:14:     layout_long_grid, david_vaults_1, serial_shops,
          nicolae_shop_statue_plus, nicolae_square_shop, nicolae_diamond_shop,
          uniq_lodul
D:15:     hangedman_depths_entry_civil_slaughter, layout_gridville,
          trove_entry_hex_spiral, nicolae_ru_sacrificial_ziggurat
Temple:   nicolae_temple_bog_church
Lair:1:   layout_layer_cave, gauntlet_entry_generic, grunt_megastairs_2,
          uniq_maggie
Lair:2:   layout_roguey, nicolae_swamp_entry_splash_gauntlet,
          nicolae_snake_entry_warm_welcome, basic_altar
Lair:3:   layout_cave_pods, grunt_megastairs_1
Lair:4:   layout_loops_ring, minmay_slime_entry_oklob_enclosed,
          infiniplex_staircase_pool, serial_bayou_shore_a
Lair:5:   minmay_lair_end_enchanted_forest, layout_layer_cave
Swamp:1:  layout_basic_swamp, nicolae_swamp_round_clearing, swamp_pool3
Swamp:2:  layout_basic_swamp, evilmike_swamp_ruin_house_6, swamp_pool1,
          nicolae_swamp_snake_nest
Swamp:3:  layout_falls_marsh, hangedman_swamp_ruin_wall, swamp_pool4
Swamp:4:  swamp_old_school, layout_basic_swamp, nicolae_swamp_oxbows
Snake:1:  layout_onion_interference, basic_altar
Snake:2:  layout_misc_corridors, nicolae_snake_salamander_jacuzzi, uniq_donald
Snake:3:  layout_grid_maze
Snake:4:  snake_pit, layout_cave_town, uniq_roxanne
Orc:1:    layout_caves, basic_altar, portal_ice_cave_rime
Orc:2:    st_orc_congregation, layout_diamond_mine, abandoned_shop
Elf:1:    elf_arrival_001, layout_gridlike, serial_shops, bzr_entry_road,
          minmay_elf_annihilation

Skill      XL: |  1  2  3  4  5  6  7  8  9 10 11 12 13 14 15 16 17 18 |
---------------+-------------------------------------------------------+-----
Stealth        | 4 5 6 7 8 9 10 11 12 13 14 15 | 15.8
Short Blades   | 2 3 4 5 6 7 8 9 10 11 12 | 12.4
Spellcasting   | 4 5 6 8 9 10 | 10.0
Hexes          | 5 6 7 8 9 10 11 12 13 14 15 | 15.0
Necromancy     | 3 |  3.2
Invocations    | 3 4 6 7 8 9 10 11 12 | 12.0
Evocations     | 3 4 6 7 8 9 10 11 | 11.9
Throwing       | 2 4 5 6 7 8 9 10 | 10.9
Shields        | 2 3 4 5 6 7 8 |  8.7
Transmutations | 2 4 5 6 7 8 9 |  9.4
Earth Magic    | 2 4 5 6 7 8 9 |  9.3
Dodging        | 4 6 7 8 9 10 11 | 11.3
Fighting       | 2 3 5 6 7 |  7.7
Air Magic      | 1 3 |  3.2
Poison Magic   | |  0.5

Action                     |  1- 3 |  4- 6 |  7- 9 | 10-12 | 13-15 | 16-18 || total
---------------------------+-------+-------+-------+-------+-------+-------++-------
  Melee: Dagger            |   120 |   103 |   156 |   309 |   317 |    13 ||  1018
         Punch             |       |     1 |       |       |       |       ||     1
         Rapier            |       |       |       |       |   602 |   765 ||  1367
  Throw: Dart              |       |       |       |       |    13 |       ||    13
   Cast: Ensorcelled Hiber |    23 |    31 |    55 |   175 |   135 |   202 ||   621
         Tukima's Dance    |       |     2 |       |       |     8 |    54 ||    64
         Confusing Touch   |       |     1 |     3 |     8 |    11 |     3 ||    26
         Dazzling Flash    |       |       |     1 |       |     1 |    24 ||    26
         Passwall          |       |       |       |    12 |    21 |    26 ||    59
         Anguish           |       |       |       |       |     7 |     2 ||     9
Ability: Evoke Invisibilit |       |       |       |       |    16 |     4 ||    20
         Evoke Blink       |       |       |       |       |       |     2 ||     2
  Evoke: Wand              |       |       |       |       |     4 |     4 ||     8
    Use: Scroll            |       |       |     6 |    10 |    14 |     3 ||    33
         Potion            |       |       |       |     1 |       |     2 ||     3
   Stab: Sleeping          |    28 |    25 |    50 |   150 |   187 |   210 ||   650
         Confused          |       |     2 |     1 |     9 |    10 |     1 ||    23
         Distracted        |       |     1 |       |     1 |    26 |    21 ||    49
         Invisible         |       |       |       |     3 |    43 |    15 ||    61
         Paralysed         |       |       |       |       |       |     1 ||     1
 Armour: Robe              |    21 |    10 |     2 |    10 |   105 |    86 ||   234
         Steam dragon scal |       |       |    32 |    22 |       |       ||    54
  Dodge: Dodged            |    60 |    60 |   121 |    97 |   333 |   360 ||  1031
  Block: Other             |    20 |    21 |    28 |       |       |       ||    69
         Reflection        |     1 |     2 |     2 |     4 |       |    42 ||    51
         Kite shield       |       |       |    42 |   259 |   667 |   341 ||  1309

Table legend: (Time is in decaauts)
 A = Elapsed time spent in this place.
 B = Non-inter-level travel time spent in this place.
 C = Inter-level travel time spent in this place.
 D = Time resting spent in this place.
 E = Time spent auto-exploring this place.
 F = Levels seen in this place.
 G = Mean time per level.
                   A        B        C        D        E       F      G
               +--------+--------+--------+--------+--------+-----+--------+
         Total |  33022 |  30541 |   2481 |   2869 |  17143 |  35 |  943.5 |
       Dungeon |  14509 |  13262 |   1247 |    869 |   8917 |  15 |  967.3 |
        Temple |    216 |    173 |     43 |      0 |    161 |   1 |  216.0 |
          Lair |   6580 |   5986 |    594 |    314 |   3613 |   5 | 1316.0 |
         Swamp |   2644 |   2489 |    155 |    236 |   1408 |   4 |  661.0 |
     Snake Pit |   5807 |   5509 |    298 |   1176 |   2261 |   4 | 1451.8 |
  Orcish Mines |   1763 |   1621 |    142 |     92 |    654 |   2 |  881.5 |
   Elven Halls |    325 |    325 |      0 |     16 |     22 |   1 |  325.0 |
        Bazaar |    133 |    133 |      0 |      0 |     65 |   1 |  133.0 |
      Ice Cave |    477 |    477 |      0 |     40 |     40 |   1 |  477.0 |
      Gauntlet |    563 |    563 |      0 |    126 |      0 |   1 |  563.0 |
               +--------+--------+--------+--------+--------+-----+--------+

Top non-repeatable levels by time:
  Lair:5: 1852 daAuts
 Snake:3: 1828 daAuts
  Lair:1: 1632 daAuts
    D:10: 1561 daAuts
 Snake:4: 1523 daAuts
    D:12: 1349 daAuts
  Lair:3: 1327 daAuts
 Snake:1: 1249 daAuts
    D:15: 1240 daAuts
 Snake:2: 1205 daAuts
   Orc:2: 1164 daAuts
     D:3: 1134 daAuts
     D:7: 1018 daAuts
  Lair:4: 972 daAuts
     D:4: 968 daAuts
